 Dungeon Crawl Stone Soup version 0.31-a0-963-ga325b2283a (webtiles) character file.

Game seed: 13389472347926699542

54 baldrick the Trooper (level 3, -4/33 HPs)
             Began as a Draconian Fighter on Oct 24, 2023.
             Slain by Crazy Yiuf
             ... wielding a +2 quarterstaff of chaos
              (10 damage)
             ... on level 2 of the Dungeon.
             The game lasted 00:03:12 (1425 turns).

baldrick the Trooper (Draconian Fighter)            Turns: 1425, Time: 00:03:14

Health: -4/33      AC:  6    Str: 20    XL:     3   Next: 66%
Magic:  3/3        EV: 17    Int:  8    God:
Gold:   84         SH:  4    Dex: 10    Spells: 2/2 levels left

rFire   . . .        a - +0 war axe
rCold   . . .        b - +0 buckler
rNeg    . . .        (body armour unavailable)
rPois   .            (helmet restricted)
rElec   .            (no cloak)
rCorr   .            p - +0 pair of gloves
SInv    .            (no boots)
Will    .....        (no amulet)
Stlth   +            n - +5 ring of evasion
HPRegen 0.25/turn    (no ring)
MPRegen 0.08/turn

%: no passive effects
@: lethally poisoned (-4 -> -7)
A: AC +5, unfitting armour, cold-blooded
a: no special abilities


You were on level 2 of the Dungeon.
You visited 1 branch of the dungeon, and saw 2 of its levels.

You collected 84 gold pieces.

Inventory:

Hand Weapons
 a - a +0 war axe (weapon)
Armour
 b - a +0 buckler (worn)
 p - a +0 pair of gloves (worn)
Jewellery
 n - a +5 ring of evasion (left hand)
Scrolls
 f - 2 scrolls of enchant armour {unknown}
 g - 2 scrolls of fog
 j - a scroll of amnesia {unknown}
 k - a scroll of vulnerability {unknown}
 m - 2 scrolls of identify {unknown}
Potions
 c - a potion of might
 d - a potion of cancellation {unknown}
 e - 2 potions of haste {unknown}
 h - a potion of brilliance {unknown}
 i - a potion of heal wounds {unknown}
 l - a potion of magic {unknown}
 o - 2 potions of lignification {unknown}


   Skills:
 * Level 3.6 Fighting
 * Level 3.0 Axes
 * Level 3.2 Dodging
 * Level 3.2 Shields


You had 2 spell levels left.
You didn't know any spells.
Your spell library contained the following spells:

 Spells                   Type           Power      Damage    Failure   Level
 Necrotise                Necr           0%         1d4       47%         1
 Summon Guardian Golem    Hex/Summ       0%         N/A       85%         3
 Vampiric Draining        Necr           0%         2d6       85%         3
 Agony                    Necr           0%         N/A       100%        5
 Orb of Destruction       Conj           0%         9d5       100%        7
 Spellforged Servitor     Conj/Summ      0%         N/A       100%        7


Dungeon Overview and Level Annotations

Branches:
Dungeon (2/15)

Altars:

Annotations:
D:2 Crazy Yiuf


Innate Abilities, Weirdness & Mutations

Your plain brown scales are hard. (AC +5)
You cannot fit into any form of body armour.
You are cold-blooded and may be slowed by cold attacks.


Message History

Your Axes skill increases to level 3!
You see here a ball python corpse.
A rat comes into view.
The rat closely misses you. The rat misses you.
You barely miss the rat. The rat misses you. You block the rat's attack.
You closely miss the rat. The rat bites you but does no damage.
You hit the rat but do no damage. The rat closely misses you.
You closely miss the rat. The rat bites you but does no damage.
The rat closely misses you.
You slash the rat!
You kill the rat!
You open the large door.
There is a large open door here.
There is a large open door here.
You open the door. You barely miss Crazy Yiuf. You tail-slap Crazy Yiuf.
Crazy Yiuf is lightly wounded.
Crazy Yiuf hits you with a +2 quarterstaff of chaos.
You are poisoned.
You hit Crazy Yiuf.
Crazy Yiuf is lightly wounded.
You feel very sick. Crazy Yiuf misses you. Crazy Yiuf closely misses you.
You completely miss Crazy Yiuf.
Crazy Yiuf is lightly wounded.
You feel very sick. Crazy Yiuf closely misses you.
You hit Crazy Yiuf but do no damage.
Crazy Yiuf is lightly wounded.
You feel sick.
Crazy Yiuf hits you with a +2 quarterstaff of chaos!
Crazy Yiuf burns you.
You closely miss Crazy Yiuf.
Crazy Yiuf is lightly wounded.
You feel sick.
Crazy Yiuf hits you with a +2 quarterstaff of chaos.
* * * LOW HITPOINT WARNING * * *
You are electrocuted!
You die...

#....#######.#<#.#..
##..## #.##.#...#..
#....# #.##.#...#).
#...## #.##.#......
##.## #.##'##.....
#.## #...........
##.# #...........
#.## #........###
##@# #.#####'## #g#
#.# #.# ... #.# #.#
#...# ### #.# #..)#
#.# ##### #.#
#######.# #.......#
#########


You could see Crazy Yiuf.

Vanquished Creatures
  An adder (D:2)
  2 worms (D:2)
  2 bats
  4 endoplasms
  2 giant cockroaches (D:2)
  3 goblins
  3 hobgoblins (D:2)
  2 jackals (D:1)
  3 quokkas
  6 ball pythons
  4 frilled lizards
  3 kobolds
  3 rats (D:2)
38 creatures vanquished.

Notes
Turn   | Place    | Note
-------+----------+-------------------------------------------
     0 | D:1      | baldrick the Draconian Fighter began the quest for the Orb.
     0 | D:1      | Reached XP level 1. HP: 19/19 MP: 1/1
   261 | D:1      | Reached XP level 2. HP: 26/26 MP: 2/2
   295 | D:1      | Found a faded altar of an unknown god.
   841 | D:2      | Reached XP level 3. HP: 31/31 MP: 3/3
  1153 | D:2      | Found a runed translucent door.
  1154 | D:2      | Noticed Crazy Yiuf
  1425 | D:2      | Slain by Crazy Yiuf

Illustrated notes

Levels and vault maps discovered:
D:1:      lightli_arrival_statuegarden, layout_basic,
          hellmonk_ecumenical_altar_arch_garden
D:2:      minmay_chambers_of_ones, layout_basic, uniq_crazy_yiuf_cottage

Skill      XL: |  1  2  3 |
---------------+----------+-----
Dodging        | 3 |  3.2
Axes           | 3 |  3.0
Fighting       | |  3.6
Shields        | |  3.2

Action                     || total
---------------------------++-------
  Melee: War axe           ||   114
         Tailslap          ||     9
    Use: Scroll            ||     2
 Armour: Skin              ||    46
  Dodge: Dodged            ||    86
  Block: Buckler           ||    18

Table legend: (Time is in decaauts)
 A = Elapsed time spent in this place.
 B = Non-inter-level travel time spent in this place.
 C = Inter-level travel time spent in this place.
 D = Time resting spent in this place.
 E = Time spent auto-exploring this place.
 F = Levels seen in this place.
 G = Mean time per level.
                   A        B        C        D        E       F      G
               +--------+--------+--------+--------+--------+-----+--------+
         Total |   1471 |   1458 |     13 |      0 |   1058 |   2 |  735.5 |
       Dungeon |   1471 |   1458 |     13 |      0 |   1058 |   2 |  735.5 |
               +--------+--------+--------+--------+--------+-----+--------+

Top non-repeatable levels by time:
     D:2: 918 daAuts
     D:1: 552 daAuts
